 Dungeon Crawl Stone Soup version 0.28-a0-1629-gf728b707aa (webtiles) character file.

Game seed: 5637735034749597548

56 Sweetruy1997 the Skirmisher (level 3, -8/31 HPs)
             Began as a Palentonga Fighter on Jan 24, 2022.
             Mangled by Crazy Yiuf (19 damage)
             ... on level 2 of the Dungeon.
             The game lasted 00:03:44 (1241 turns).

Sweetruy1997 the Skirmisher (Palentonga Fighter)    Turns: 1241, Time: 00:03:45

Health: -8/31      AC:  9    Str: 19    XL:     3   Next: 69%
Magic:  3/3        EV:  3    Int:  8    God:
Gold:   60         SH:  4    Dex: 11    Spells: 2/2 levels left

rFire   . . .      SeeInvis +   a - +0 war axe
rCold   . . .      Faith    .   c - +0 buckler
rNeg    . . .      Spirit   .   g - +0 plate armour
rPois   .          Reflect  .   (no helmet)
rElec   .          Harm     .   (no cloak)
rCorr   .          Rampage  .   (no gloves)
Will    .....                   (no barding)
Stlth   ..........              f - amulet of regeneration
HPRegen 0.90/turn               (no ring)
MPRegen 0.08/turn               (no ring)

@: mighty, lethally poisoned (-8 -> -10)
A: large, rugged brown scales 3, see invisible, deformed body, roll 1, armoured
tail
a: Rolling Charge


You were on level 2 of the Dungeon.
You visited 1 branch of the dungeon, and saw 2 of its levels.

You collected 60 gold pieces.

Inventory:

Hand Weapons
 a - a +0 war axe (weapon)
Armour
 c - a +0 buckler (worn)
 g - a +0 plate armour (worn)
Jewellery
 f - an amulet of regeneration (around neck)
Scrolls
 i - 3 scrolls of fog
 k - a scroll of identify {unknown}
 l - a scroll of holy word {unknown}
 m - a scroll of silence {unknown}
Potions
 b - 2 potions of attraction {unknown}
 e - a potion of curing {unknown}
 h - a potion of resistance {unknown}
 j - 2 potions of heal wounds {unknown}
 n - a potion of cancellation {unknown}


   Skills:
 + Level 3.4 Fighting
 + Level 2.9 Axes
 + Level 2.8 Armour
 + Level 2.7 Shields


You had 2 spell levels left.
You didn't know any spells.
Your spell library contained the following spells:

 Spells                   Type           Power      Damage    Failure   Level
 Foxfire                  Conj/Fire      0%         2x1d4     100%        1
 Conjure Flame            Conj/Fire      0%         6-21      100%        3
 Inner Flame              Hex/Fire       0%         N/A       100%        3
 Flame Wave               Conj/Fire      0%         2d4       100%        4


Dungeon Overview and Level Annotations

Branches:
Dungeon (2/15)

Altars:

Annotations:
D:2 Crazy Yiuf


Innate Abilities, Weirdness & Mutations

You are completely covered in rugged brown scales. (AC +3, +7% HP)
You have supernaturally acute eyesight. (SInv)
Armour fits poorly on your strangely shaped body.
You can roll at nearby foes to attack.
You have a long armoured tail.


Message History

You slash the endoplasm!
You kill the endoplasm!
i - 3 scrolls of fog (gained 1)
l - a scroll labelled IXOH ASOTAYHA
Found a stone staircase leading up.
You now have 38 gold pieces (gained 5).
A ball python comes into view.
The ball python hisses angrily.
A ball python is nearby!
You roll forward with a clatter of scales!
You slash the ball python!
You kill the ball python!
No target in view!
There is a stone staircase leading up here.
There is a stone staircase leading up here.
You now have 54 gold pieces (gained 16).
You see here a ball python corpse.
b - 2 inky potions (gained 1)
m - a scroll labelled HOICIO XEAKHAPN You now have 60 gold pieces (gained 6).
n - a viscous sapphire potion You see here a +0 spear.
You see here a +0 spear.
There is a stone staircase leading up here.
Found a mace.
Found a runed translucent door.
Crazy Yiuf shouts!
You feel very mighty all of a sudden.
You open the door. You slash Crazy Yiuf!
Crazy Yiuf is almost dead.
Crazy Yiuf hits you with a +4 quarterstaff of chaos!
Crazy Yiuf burns you.
Crazy Yiuf hits you with a +4 quarterstaff of chaos.
You are poisoned.
You closely miss Crazy Yiuf.
Crazy Yiuf is almost dead.
You feel very sick. Crazy Yiuf hits you but does no damage.
You are electrocuted!!
Ouch! That really hurt!
You die...

#.#......#
#.#.÷.....#..
#..#######
#########...#
####
#...........
#####
#.###.......
#..)# #.#
#..##.#.
#...# #.#
#.....## ...
#.# #..####
#g# #.# #..#
# ♣♣@♣ #.#
#..##### ♣.♣♣
#.# ##......
♣♣.♣
#.####..####
♣.♣♣
#.......####
♣♣.♣♣
#...........
♣...♣♣
##..<..#.###
♣....♣
#..###.#.##.
#+..+# ##.#
#.#)#.#
#....# #.#
#.#).##


You could see Crazy Yiuf.

Vanquished Creatures
  2 dart slugs
  8 endoplasms
  3 goblins
  9 hobgoblins
  6 jackals
  3 kobolds
  A quokka (D:2)
  2 ball pythons
  5 bats
  2 frilled lizards
  2 rats (D:2)
43 creatures vanquished.

Vanquished Creatures (others)
  A withered plant (D:1)
1 creature vanquished.

Grand Total: 44 creatures vanquished

Notes
Turn   | Place    | Note
-------+----------+-------------------------------------------
     0 | D:1      | Sweetruy1997 the Palentonga Fighter began the quest for the
                  | Orb.
     0 | D:1      | Reached XP level 1. HP: 19/19 MP: 1/1
   164 | D:1      | Found a faded altar of an unknown god.
   200 | D:1      | Reached XP level 2. HP: 25/25 MP: 2/2
   572 | D:1      | Reached XP level 3. HP: 31/31 MP: 3/3
  1234 | D:2      | Found a runed translucent door.
  1235 | D:2      | Noticed Crazy Yiuf
  1241 | D:2      | Mangled by Crazy Yiuf

Illustrated notes

Levels and vault maps discovered:
D:1:      mainiacjoe_arrival_reflecting_pool, layout_loops_cross,
          ebering_ecumenical_altar_petrified
D:2:      layout_loops_ring, minmay_tromino_v2, uniq_crazy_yiuf_cottage

Action                   || total
-------------------------++-------
Melee: War axe           ||    96
       Tailslap          ||     8
 Abil: Rolling Charge    ||    20
  Use: Scroll            ||     1
       Potion            ||     1
Armor: Scale mail        ||     1
       Plate armour      ||    57
Dodge: Dodged            ||     9
Block: Buckler           ||    11

Table legend: (Time is in decaauts)
 A = Elapsed time spent in this place.
 B = Non-inter-level travel time spent in this place.
 C = Inter-level travel time spent in this place.
 D = Time resting spent in this place.
 E = Time spent auto-exploring this place.
 F = Levels seen in this place.
 G = Mean time per level.
                   A        B        C        D        E       F      G
               +--------+--------+--------+--------+--------+-----+--------+
         Total |   1280 |   1255 |     25 |      0 |    985 |   2 |  640.0 |
       Dungeon |   1280 |   1255 |     25 |      0 |    985 |   2 |  640.0 |
               +--------+--------+--------+--------+--------+-----+--------+

Top non-repeatable levels by time:
     D:2: 660 daAuts
     D:1: 620 daAuts
